 Dungeon Crawl Stone Soup version 0.29.1-2-gbd0b4ee654 (webtiles) character file.

Game seed: 2571292846177078475

326 fleeber the Conjurer (level 6, -7/32 HPs)
             Began as a Deep Elf Conjurer on Nov 6, 2022.
             Shot with an arrow by a centaur (8 damage)
             ... on level 4 of the Dungeon on Nov 8, 2022.
             The game lasted 00:12:35 (4128 turns).

fleeber the Conjurer (Deep Elf Conjurer)            Turns: 4128, Time: 00:12:36

Health: -7/32      AC:  2    Str:  4    XL:     6   Next: 24%
Magic:  14/16      EV: 12    Int: 25    God:
Gold:   167        SH:  0    Dex: 13    Spells: 9/16 levels left

rFire   . . .      SeeInvis .   f - +3 dagger
rCold   . . .      Faith    .   (no shield)
rNeg    . . .      Spirit   .   a - +0 robe
rPois   .          Reflect  .   (no helmet)
rElec   .          Harm     .   (no cloak)
rCorr   .          Rampage  .   (no gloves)
Will    .....                   (no boots)
Stlth   ++........              h - amulet of magic regeneration
HPRegen 0.10/turn               (no ring)
MPRegen 0.55/turn               (no ring)

@: no status effects
A: no striking features
a: no special abilities


You were on level 4 of the Dungeon.
You visited 1 branch of the dungeon, and saw 4 of its levels.

You collected 167 gold pieces.

Inventory:

Hand Weapons
 f - a +3 dagger (weapon)
Missiles
 g - 2 throwing nets
Armour
 a - a +0 robe (worn)
Jewellery
 h - an amulet of magic regeneration (around neck)
Scrolls
 d - 2 scrolls of immolation {unknown}
 e - 3 scrolls of identify {unknown}
 k - a scroll of fear {unknown}
 l - a scroll of vulnerability {unknown}
 m - a scroll of teleportation {unknown}
Potions
 b - a potion of magic
 c - a potion of lignification {unknown}
 i - a potion of brilliance {unknown}
 j - a potion of mutation {unknown}
 n - a potion of curing {unknown}
 o - a potion of ambrosia {unknown}


   Skills:
 - Level 2.4 Dodging
 - Level 2.4 Stealth
 + Level 5.6 Spellcasting
 + Level 5.9 Conjurations
 + Level 3.8 Translocations


You had 9 spell levels left.
You knew the following spells:

 Your Spells              Type           Power      Damage    Failure   Level
a - Magic Dart            Conj           100%       1d8       1%          1
b - Searing Ray           Conj           74%        2d7       1%          2
c - Iskenderun's Mystic   Conj/Tloc      31%        2d8       11%         4

Your spell library contained the following spells:

 Spells                   Type           Power      Damage    Failure   Level
 Dazzling Flash           Conj/Hex       44%        N/A       7%          3
 Stone Arrow              Conj/Erth      44%        3d9       7%          3
 Sandblast                Erth           14%        2d6       8%          1
 Passwall                 Tmut/Erth      5%         N/A       12%         2
 Iskenderun's Battlesphe  Conj           37%        2d9       19%         5
 Fulminant Prism          Conj/Hex       11%        3d9       22%         4
 Iron Shot                Conj/Erth      11%        9d3       98%         6
 Spellforged Servitor     Conj/Summ      11%        N/A       100%        7


Dungeon Overview and Level Annotations

Branches:
Dungeon (4/15)
 Temple: D:4-7

Altars:
Dithmenos
Makhleb

Shops:
D:1 *


Message History

Confirm with . or Enter, or press ? or * to list all spells.
You can't see any susceptible monsters within range! (Use Z to cast anyway.)
m - a scroll labelled IKI LUATUOL
Items here: ( ) [ †.
n - a bubbling golden potion You see here a ball python skeleton.
There is a large open door here.
There is a large open door here.
Found a viscous white potion.
o - a viscous white potion
Found a stone staircase leading down.
A centaur comes into view.
The centaur wields a +0 shortbow.
The centaur shoots an arrow.
The arrow hits you!
The centaur shoots an arrow.
The arrow closely misses you.
The centaur shoots an arrow.
The arrow hits you!
Okay, then.
Okay, then.
Okay, then.
Okay, then.
You aren't carrying any items that you can evoke.
Casting: Magic Dart (safe; 1% risk of failure)
Confirm with . or Enter, or press ? or * to list all spells.
Aiming: Magic Dart (safe; 1% risk of failure)
Press: ? - help, Shift-Dir - straight line, f - centaur
Aim: a centaur, wielding a +0 shortbow (100% to hit)
The magic dart hits the centaur.
The centaur is moderately wounded.
The centaur shoots an arrow.
The arrow hits you!
* * * LOW HITPOINT WARNING * * *
Casting: Magic Dart (safe; 1% risk of failure)
Confirm with . or Enter, or press ? or * to list all spells.
Aiming: Searing Ray (safe; 1% risk of failure)
Press: ? - help, Shift-Dir - straight line, f/p - centaur
Aim: a centaur, wielding a +0 shortbow (moderately wounded, 88% to hit)
The searing ray hits the centaur.
The centaur is heavily wounded. (Press . to maintain the ray.)
The centaur shoots an arrow.
The arrow hits you!
You die...

#####.###.###
#...........#
#........##.#
#........##.#
#........##.##
####........##..#
##...........###.#
......###.######.###.###
......# #.......@.c.....
......# ########.....###
......# ####>....
......# #########
......# #....[..#
......# #....<#†#
......# #######g#
......# †# ......# g#


You could see a centaur.

Vanquished Creatures
  A scorpion (D:4)
  A howler monkey (D:4)
  A hound (D:3)
  A gnoll bouda (D:4)
  5 adders
  5 gnolls
  An ufetubus (D:3)
  3 worms
  3 dart slugs
  2 orcs (D:4)
  8 ball pythons
  4 bats
  4 endoplasms
  4 goblins
  7 hobgoblins
  A quokka (D:2)
  3 frilled lizards
  6 kobolds
  6 rats
66 creatures vanquished.

Notes
Turn   | Place    | Note
-------+----------+-------------------------------------------
     0 | D:1      | fleeber the Deep Elf Conjurer began the quest for the Orb.
     0 | D:1      | Reached XP level 1. HP: 10/10 MP: 6/6
   283 | D:1      | Found a faded altar of an unknown god.
   415 | D:1      | Found Gauredd's Assorted Antiques.
   528 | D:1      | Reached skill level 1 in Translocations
   528 | D:1      | Reached XP level 2. HP: 15/15 MP: 6/8
  1116 | D:2      | Learned a level 2 spell: Searing Ray
  1206 | D:2      | Reached XP level 3. HP: 19/19 MP: 2/10
  1577 | D:2      | Reached skill level 5 in Conjurations
  1580 | D:2      | Reached XP level 4. HP: 24/24 MP: 3/12
  2433 | D:3      | Learned a level 4 spell: Iskenderun's Mystic Blast
  2718 | D:3      | Reached XP level 5. HP: 28/28 MP: 10/14
  2740 | D:3      | Found a burning altar of Makhleb.
  3328 | D:3      | Found a shadowy altar of Dithmenos.
  3404 | D:4      | Reached skill level 5 in Spellcasting
  3409 | D:4      | Reached XP level 6. HP: 15/32 MP: 5/16
  4127 | D:4      | HP: 1/32 [centaur/arrow (11)]
  4128 | D:4      | Shot with an arrow by a centaur

Illustrated notes

Levels and vault maps discovered:
D:1:      lemuel_arrival_hallway, layout_loops_corners,
          shapermc_ecumenical_altar_gd, serial_shops,
          nicolae_shop_temple_entry_statues_fountains
D:2:      layout_loops_ring
D:3:      layout_basic, bloody_makhleb, lemuel_coloured_pillars_altar,
          serial_bayou_lagoon_b
D:4:      layout_basic, minmay_overflow_temple_hex, minmay_misc_feat_tower,
          minmay_surrounded, uniq_natasha

Skill      XL: |  1  2  3  4  5 |
---------------+----------------+-----
Translocations | 1 2 3 |  3.8
Spellcasting   | 4 5 |  5.6
Conjurations   | 5 |  5.9
Dodging        | |  2.4
Stealth        | |  2.4

Action                   |  1- 3 |  4- 6 || total
-------------------------+-------+-------++-------
 Cast: Magic Dart        |    53 |    70 ||   123
       Searing Ray       |       |    16 ||    16
Armor: Robe              |       |     1 ||     1
Dodge: Dodged            |     4 |     6 ||    10
